[Event "Titled Tuesday Blitz April 26 Late 2022"]
[White "February, Jesse Nikki"]
[Black "Kostiukov, Alexandr"]
[WhiteFideId "14312336"]
[BlackFideId "14108100"]
[WhiteElo "1824"]
[BlackElo "2202"]
[Result "0-1"]
[Round "03"]
[TimeControl "180+1"]
[Date "2022.04.26"]
[WhiteClock "0:00:02"]
[BlackClock "0:00:24"]

1. e4 c5 2. Nf3 g6 3. d4 cxd4 4. Nxd4 Bg7 5. c4 Nc6 6. Be3 Nf6 7. Nc3 O-O 8. Be2 Nxd4 9. Bxd4 Qa5 10. O-O d6 11. Nd5 Nxe4 12. Nxe7+ Kh8 13. Bxg7+ Kxg7 14. Bf3 Nd2 15. Bd5 Nxf1 16. Qd4+ f6 17. Rxf1 Qc5 18. Qe4 Bd7 19. Re1 Rae8 20. Qh4 Bc6 21. g4 Bxd5 22. cxd5 Qc7 23. g5 Rxe7 24. gxf6+ Rxf6 25. Rd1 Ref7 26. Rd3 Qc1+ 27. Kg2 Rxf2+ 28. Kh3 Qf1+ 0-1


[Site "https://www.chess.com"]

[Event "Titled Tuesday Blitz April 26 Late 2022"]
[White "Federzoni, Enzo"]
[Black "Janaszak, Dawid"]
[WhiteFideId "2173301"]
[BlackFideId "1119206"]
[WhiteElo "1956"]
[BlackElo "2199"]
[Result "0-1"]
[Round "03"]
[TimeControl "180+1"]
[Date "2022.04.26"]
[WhiteClock "0:00:35"]
[BlackClock "0:00:47"]

1. d4 Nf6 2. Nc3 d6 3. e4 Nbd7 4. g3 Rb8 5. Bg2 b5 6. a3 a5 7. Nge2 b4 8. axb4 axb4 9. Nd5 g6 10. h4 Nxd5 11. exd5 Nf6 12. O-O Bg7 13. Nf4 O-O 14. h5 g5 15. h6 Bxh6 16. Nh5 Bf5 17. Nxf6+ exf6 18. c3 bxc3 19. bxc3 Qd7 20. Re1 Bg6 21. Ra7 Ra8 22. Rb7 Qc8 23. Rb4 Ra1 24. Qe2 Bg7 25. c4 h6 26. Bb2 Rxe1+ 27. Qxe1 Re8 28. Qd2 f5 29. c5 Qa6 30. Bc3 Re2 31. Qc1 Qa2 32. Rb2 Rxb2 33. Bxb2 dxc5 34. Ba3 Bxd4 35. Kh2 Qxf2 36. Bxc5 Bxc5 0-1


[Site "https://www.chess.com"]

[Event "Titled Tuesday Blitz April 26 Late 2022"]
[White "Fedoseev, Vladimir"]
[Black "Moiseenko, Alexander"]
[WhiteFideId "24130737"]
[BlackFideId "14102560"]
[WhiteElo "2726"]
[BlackElo "2577"]
[Result "1-0"]
[Round "03"]
[TimeControl "180+1"]
[Date "2022.04.26"]
[WhiteClock "0:00:23"]
[BlackClock "0:00:02"]

1. d4 Nf6 2. Nf3 d5 3. Bf4 c5 4. e3 Nc6 5. c3 Nh5 6. Bg5 h6 7. Bh4 g5 8. Ne5 gxh4 9. Qxh5 Nxe5 10. Qxe5 Rg8 11. Nd2 e6 12. Nf3 Bd7 13. Qh5 Bg7 14. Bd3 Qb6 15. Rb1 Bb5 16. Bxb5+ Qxb5 17. Qxh4 cxd4 18. exd4 Rc8 19. Kd2 Qa4 20. a3 b5 21. Rhe1 a5 22. Qh5 Kf8 23. Ne5 Bxe5 24. Rxe5 Rg6 25. g3 b4 26. axb4 axb4 27. Qd1 Qa2 28. Qc2 Ke7 29. Ree1 bxc3+ 30. bxc3 Qxc2+ 31. Kxc2 Rc7 32. Kd3 Rg8 33. Rb3 Rgc8 34. Reb1 Kf6 35. Re1 Kg6 36. Re3 h5 37. h4 Ra8 38. Re2 Ra1 39. Rc2 Rd1+ 40. Ke3 Ra1 41. Kf4 Re1 42. Kf3 Re4 43. Rd2 Re1 44. Rd3 Rc1 45. Re3 Rc2 46. Kg2 Ra7 47. Rf3 Rc7 48. Kf1 Ra7 49. Rb8 Rc7 50. Rg8+ Kh7 51. Rg5 R2xc3 52. Rxh5+ Kg7 53. Rg5+ Kf8 54. Rf4 Rc1+ 55. Kg2 Rd1 56. h5 Rcc1 57. Rh4 Rg1+ 58. Kf3 1-0


[Site "https://www.chess.com"]

[Event "Titled Tuesday Blitz April 26 Late 2022"]
[White "Fiol, Fabrice"]
[Black "Horcajuelo Rocamora, Martin"]
[WhiteFideId "611670"]
[BlackFideId "24573027"]
[WhiteElo "2459"]
[BlackElo "1822"]
[Result "0-1"]
[Round "03"]
[TimeControl "180+1"]
[Date "2022.04.26"]
[WhiteClock "0:00:47"]
[BlackClock "0:01:22"]

1. e4 e5 2. Nf3 Nc6 3. Bc4 Nf6 4. d3 Bc5 5. c3 d6 6. Bb3 O-O 7. Nbd2 Ne7 8. Nf1 Ng6 9. Ng3 c6 10. O-O Bb6 11. d4 Bg4 12. dxe5 Nxe5 13. Bg5 h6 14. Be3 Bxe3 15. fxe3 Qb6 16. Qe1 Rad8 17. Nd4 Nd3 18. Qd2 Nc5 19. Qc2 Nxb3 20. axb3 Nd7 21. Ndf5 Ne5 22. h3 Bxf5 23. Nxf5 Kh7 24. Kh2 g6 25. Nd4 a6 26. Rae1 Qc7 27. Nf3 d5 28. Nxe5 Qxe5+ 29. Kg1 Qxe4 30. Qf2 f5 31. b4 Rde8 32. Re2 Rf7 33. Rfe1 Rfe7 34. Kf1 g5 35. Qf3 Qxf3+ 36. gxf3 f4 37. Kf2 Kg6 38. e4 dxe4 39. fxe4 Rd7 40. e5 Re6 41. h4 g4 42. Re4 Kf5 43. Rd4 Rd5 44. Ree4 Rxd4 45. Rxd4 Rxe5 46. Rd7 g3+ 47. Kf3 Re3+ 48. Kg2 Re2+ 49. Kg1 f3 50. Rxb7 Re1# 0-1


[Site "https://www.chess.com"]

[Event "Titled Tuesday Blitz April 26 Late 2022"]
[White "Fishbein, Alexander"]
[Black "Przybylski, Wojciech"]
[WhiteFideId "2000377"]
[BlackFideId "1117599"]
[WhiteElo "2442"]
[BlackElo "2133"]
[Result "1-0"]
[Round "03"]
[TimeControl "180+1"]
[Date "2022.04.26"]
[WhiteClock "0:00:10"]
[BlackClock "0:00:02"]

1. e4 e5 2. Nf3 Nc6 3. Bb5 Nf6 4. O-O Nxe4 5. d4 Nd6 6. Bxc6 dxc6 7. dxe5 Nf5 8. Qe2 Nd4 9. Qe4 Nxf3+ 10. Qxf3 Be6 11. Nc3 Qh4 12. Bf4 Be7 13. h3 O-O 14. Qe3 Qh5 15. Kh2 Qg6 16. Ne4 Bd5 17. Rae1 Bb4 18. c3 Ba5 19. a3 Bb6 20. Qe2 Qe6 21. Nd2 Qg6 22. Bg3 Be6 23. Nf3 Rad8 24. Rd1 Bb3 25. Rd2 Rxd2 26. Nxd2 Be6 27. f4 Qc2 28. Re1 Rd8 29. Ne4 Qxe2 30. Rxe2 Rd1 31. Bf2 Bd5 32. Bxb6 axb6 33. Nf2 Rf1 34. Ng4 Rb1 35. Rd2 h5 36. Ne3 Be4 37. Kg3 Kh7 38. f5 Re1 39. Kf4 Bd5 40. c4 g5+ 41. fxg6+ fxg6 42. cxd5 cxd5 43. Nxd5 Rf1+ 44. Ke4 Re1+ 45. Ne3 c6 46. Rd7+ Kh6 47. Rxb7 b5 48. Rb6 Kg5 49. Rxc6 Re2 50. e6 Kf6 51. Kd4 Rd2+ 52. Kc5 Re2 53. Nd5+ Kg5 54. e7 h4 55. Rc8 Kh5 56. e8=Q Rc2+ 57. Kd6 Rd2 58. Qh8+ Kg5 59. Qf6+ Kh5 60. Rh8# 1-0


[Site "https://www.chess.com"]

[Event "Titled Tuesday Blitz April 26 Late 2022"]
[White "Girsh, Daniel"]
[Black "Moskalenko, Alexander"]
[WhiteFideId "30949190"]
[BlackFideId "4155351"]
[WhiteElo "2351"]
[BlackElo "2434"]
[Result "1-0"]
[Round "03"]
[TimeControl "180+1"]
[Date "2022.04.26"]
[WhiteClock "0:00:55"]
[BlackClock "0:02:24"]

1. e4 c5 2. Nf3 d6 3. Bb5+ Nd7 4. a4 a6 5. Be2 Ngf6 6. Nc3 b6 7. d4 cxd4 8. Qxd4 Bb7 9. O-O e6 10. Rd1 Be7 11. Bg5 Qc7 12. h3 O-O 13. Bh4 Rfd8 14. Bg3 e5 15. Qe3 Qc5 16. Qd3 Qc6 17. Nd5 Nxd5 18. exd5 Qc7 19. c4 Nc5 20. Qe3 a5 21. Nd2 f5 22. f4 e4 23. Bf2 Bf6 24. g4 g6 25. gxf5 gxf5 26. Kh2 Bxb2 27. Rg1+ Kh8 28. Qd4+ Bxd4 29. Bxd4+ 1-0


[Site "https://www.chess.com"]

[Event "Titled Tuesday Blitz April 26 Late 2022"]
[White "Gledura, Benjamin"]
[Black "Caruana, Fabiano"]
[WhiteFideId "712779"]
[BlackFideId "2020009"]
[WhiteElo "2326"]
[BlackElo "2744"]
[Result "0-1"]
[Round "03"]
[TimeControl "180+1"]
[Date "2022.04.26"]
[WhiteClock "0:00:11"]
[BlackClock "0:00:08"]

1. d4 Nf6 2. c4 e6 3. Nc3 Bb4 4. e3 O-O 5. Bd3 d5 6. cxd5 exd5 7. Ne2 Re8 8. O-O b6 9. Bd2 Ba6 10. Bxa6 Nxa6 11. Qa4 Qc8 12. Rac1 Qb7 13. Nf4 Rad8 14. Nd3 Bf8 15. b4 Nb8 16. Qb3 c6 17. a4 Nbd7 18. Rfd1 Bd6 19. Ne2 a6 20. h3 b5 21. Rc2 Nb6 22. Nc5 Bxc5 23. bxc5 Nc4 24. Be1 Ne4 25. Ra1 h6 26. Rca2 Ra8 27. Nf4 Reb8 28. axb5 axb5 29. Nd3 h5 30. Nb4 h4 31. Rxa8 Rxa8 32. Rxa8+ Qxa8 33. Qa2 Qxa2 34. Nxa2 Nf6 35. Nb4 Na5 36. f3 g5 37. Kf2 Kf8 38. Nxd5 Nxd5 39. Bxa5 b4 40. Ke2 b3 41. Kd3 Nxe3 42. Bd2 b2 0-1


[Site "https://www.chess.com"]

[Event "Titled Tuesday Blitz April 26 Late 2022"]
[White "Golubev, Mikhail"]
[Black "Korchmar, Vasiliy"]
[WhiteFideId "14100983"]
[BlackFideId "24131750"]
[WhiteElo "2374"]
[BlackElo "2370"]
[Result "1-0"]
[Round "03"]
[TimeControl "180+1"]
[Date "2022.04.26"]
[WhiteClock "0:00:40"]
[BlackClock "0:00:47"]

1. e4 c5 2. Nf3 d6 3. d4 cxd4 4. Nxd4 Nf6 5. Nc3 Nc6 6. Bc4 e6 7. Be3 a6 8. Bb3 Bd7 9. f4 Be7 10. Qf3 O-O 11. O-O-O Rc8 12. g4 Na5 13. g5 Ne8 14. h4 Rxc3 15. bxc3 Qc7 16. Bf2 Nc4 17. h5 d5 18. Bxc4 Qxc4 19. exd5 Qxa2 20. g6 Nd6 21. gxf7+ Kh8 22. h6 g6 23. Nxe6 Bf6 24. Nxf8 Nc4 25. Nxg6+ hxg6 26. f8=Q+ Kh7 27. Qf7+ Kh8 28. Qxf6+ Kg8 29. Qg7# 1-0


[Site "https://www.chess.com"]

[Event "Titled Tuesday Blitz April 26 Late 2022"]
[White "Hardaway, Brewington"]
[Black "Kaganskiy, Gleb"]
[WhiteFideId "30941849"]
[BlackFideId "4132025"]
[WhiteElo "1768"]
[BlackElo "2165"]
[Result "1-0"]
[Round "03"]
[TimeControl "180+1"]
[Date "2022.04.26"]
[WhiteClock "0:00:48"]
[BlackClock "0:00:09"]

1. Nf3 d5 2. e3 Nf6 3. c4 e6 4. Nc3 Be7 5. d4 O-O 6. Bd3 c6 7. Qc2 Nbd7 8. b3 b6 9. O-O Bb7 10. e4 dxe4 11. Nxe4 c5 12. Bb2 Nxe4 13. Bxe4 Bxe4 14. Qxe4 Nf6 15. Qh4 Nd5 16. Qg3 Bd6 17. Qg4 Nf6 18. Qh3 cxd4 19. Bxd4 Be7 20. Rad1 Qc7 21. Be5 Qc5 22. Bd4 Qa3 23. Rd2 Rad8 24. Qg3 g6 25. Rfd1 Ne4 26. Qe5 Nf6 27. Ng5 Qa5 28. Qxa5 bxa5 29. Bxf6 Bxf6 30. Rxd8 Rxd8 31. Rxd8+ Bxd8 32. Ne4 Kf8 33. Kf1 Ke7 34. Ke2 f5 35. Nc3 Bb6 36. f3 Kd6 37. Kd3 g5 38. g3 h5 39. h3 Bf2 40. g4 fxg4 41. fxg4 hxg4 42. Ne4+ Ke5 43. Nxf2 g3 44. Ng4+ Kf4 45. Ke2 e5 46. c5 e4 47. c6 1-0


[Site "https://www.chess.com"]

[Event "Titled Tuesday Blitz April 26 Late 2022"]
[White "Harish, Neeraj"]
[Black "Lorenzo De La Riva, Lazaro"]
[WhiteFideId "30958130"]
[BlackFideId "2268809"]
[WhiteElo "1574"]
[BlackElo "2325"]
[Result "0-1"]
[Round "03"]
[TimeControl "180+1"]
[Date "2022.04.26"]
[WhiteClock "0:00:02"]
[BlackClock "0:01:51"]

1. c4 e5 2. Nc3 Nc6 3. Nf3 Nf6 4. g3 g6 5. d4 exd4 6. Nxd4 Bg7 7. Bg2 O-O 8. O-O Re8 9. e3 Ne5 10. b3 d6 11. Bb2 Rb8 12. h3 a6 13. f4 Ned7 14. e4 Nc5 15. Qc2 c6 16. Rae1 Qb6 17. Kh2 Nfd7 18. Nf3 Nf8 19. Nd1 Bxb2 20. Nxb2 Qa5 21. Nd2 f5 22. Nd3 Nxe4 23. Nxe4 fxe4 24. Rxe4 Bf5 25. Rxe8 Rxe8 26. Qd1 Qxa2 27. g4 Re2 28. Rg1 Be4 29. Ne1 Rd2 30. Qc1 Ne6 0-1


[Site "https://www.chess.com"]

[Event "Titled Tuesday Blitz April 26 Late 2022"]
[White "Harshavardhan G B"]
[Black "Moraes, Nelson da Silva"]
[WhiteFideId "25059009"]
[BlackFideId "2140772"]
[WhiteElo "1831"]
[BlackElo "2123"]
[Result "0-1"]
[Round "03"]
[TimeControl "180+1"]
[Date "2022.04.26"]
[WhiteClock "0:01:16"]
[BlackClock "0:02:21"]

1. e4 e6 2. d4 d5 3. Nc3 Nf6 4. e5 Nfd7 5. f4 c5 6. Nf3 Nc6 7. Be3 Be7 8. Qd2 O-O 9. dxc5 Nxc5 10. O-O-O b6 11. h4 Bb7 12. Kb1 Rc8 13. h5 Ne4 14. Nxe4 dxe4 15. Qxd8 Rfxd8 16. Rxd8+ Rxd8 17. Nd2 Nd4 18. g4 Nf3 19. Kc1 Nxd2 20. Bxd2 e3 21. Rh2 exd2+ 22. Rxd2 Rxd2 23. Kxd2 f6 24. a3 fxe5 25. fxe5 Bg5+ 26. Kd3 Bf3 27. Be2 Bxe2+ 28. Kxe2 Bc1 29. b4 Bxa3 30. b5 Bb2 31. Kd3 Bxe5 32. Ke4 Bb2 33. c4 Kf8 34. g5 Ke7 35. g6 hxg6 36. hxg6 Kf6 0-1


[Site "https://www.chess.com"]

[Event "Titled Tuesday Blitz April 26 Late 2022"]
[White "Hernandez Bermudez, Ulises Eduardo"]
[Black "Atanejhad, Sahebali"]
[WhiteFideId "3902510"]
[BlackFideId "12506664"]
[WhiteElo "2056"]
[BlackElo "1953"]
[Result "0-1"]
[Round "03"]
[TimeControl "180+1"]
[Date "2022.04.26"]
[WhiteClock "0:01:52"]
[BlackClock "0:02:41"]

1. e4 c5 2. c3 d5 3. exd5 Qxd5 4. d4 Nc6 5. Nf3 cxd4 6. cxd4 e5 7. Nc3 Bb4 8. Bd2 Bxc3 9. Bxc3 e4 10. Ne5 Nxe5 11. dxe5 Ne7 12. Qxd5 Nxd5 13. Bb5+ Bd7 14. Bxd7+ Kxd7 15. O-O-O Ke6 16. Bd4 Rac8+ 17. Kb1 Rc4 18. Rd2 Rhc8 19. Bxa7 b6 20. Rhd1 R4c5 21. b4 Rb5 22. a3 Ra8 23. Bxb6 Nxb6 24. Rd6+ Kxe5 25. f4+ exf3 0-1


[Site "https://www.chess.com"]

[Event "Titled Tuesday Blitz April 26 Late 2022"]
[White "Hnydiuk, Aleksander"]
[Black "Ansh M Shah"]
[WhiteFideId "1109057"]
[BlackFideId "25033379"]
[WhiteElo "2374"]
[BlackElo "1819"]
[Result "1-0"]
[Round "03"]
[TimeControl "180+1"]
[Date "2022.04.26"]
[WhiteClock "0:00:54"]
[BlackClock "0:00:01"]

1. Nf3 Nf6 2. c4 g6 3. g3 c5 4. Bg2 Nc6 5. d4 cxd4 6. Nxd4 Nxd4 7. Qxd4 Bg7 8. O-O O-O 9. Nc3 d6 10. Qd3 a6 11. Bd2 Be6 12. Bxb7 Rb8 13. Bxa6 Rxb2 14. Rab1 Qb6 15. c5 dxc5 16. Na4 Rxb1 17. Nxb6 Rxb6 18. Bc4 Rd6 19. Qc2 Bxc4 20. Bf4 Be6 21. Bxd6 exd6 22. Rd1 Nd5 23. a4 Nb4 24. Qc1 Rd8 25. a5 Bf8 26. Qd2 Ra8 27. Ra1 Bg7 28. Ra3 Bf8 29. h4 h5 30. Qf4 d5 31. Qc7 c4 32. Qb7 Ra6 33. Ra4 Rxa5 34. Rxa5 Nc2 35. Ra8 Kg7 36. Qb2+ 1-0


[Site "https://www.chess.com"]

[Event "Titled Tuesday Blitz April 26 Late 2022"]
[White "Jaferian, Koosha"]
[Black "Gutierrez Olivares, Daniel"]
[WhiteFideId "12507440"]
[BlackFideId "2264005"]
[WhiteElo "2030"]
[BlackElo "2317"]
[Result "1-0"]
[Round "03"]
[TimeControl "180+1"]
[Date "2022.04.26"]
[WhiteClock "0:00:06"]
[BlackClock "0:00:03"]

1. Nf3 Nf6 2. b3 d6 3. Bb2 Nbd7 4. d4 g6 5. g3 Bg7 6. Bg2 e5 7. dxe5 Ng4 8. c4 O-O 9. O-O Re8 10. Nc3 dxe5 11. h3 Nh6 12. Qd2 Nf5 13. e3 c6 14. Rfd1 Qc7 15. Rac1 a5 16. Ne4 a4 17. g4 Nh6 18. Nd6 Rd8 19. g5 Nf5 20. Nxf5 gxf5 21. Qd6 Qxd6 22. Rxd6 e4 23. Bxg7 exf3 24. Bf6 Re8 25. Bxf3 axb3 26. axb3 Nc5 27. b4 Ne4 28. Rd4 Ra2 29. Rf1 h6 30. Bxe4 fxe4 31. gxh6 Bxh3 32. Rfd1 Kh7 33. Rd8 Rxd8 34. Rxd8 Kxh6 35. Rb8 Bg4 36. Rxb7 Bf3 37. Bd4 Rc2 38. Rxf7 Rxc4 39. Kh2 Rxb4 40. Kg3 Rb5 41. Rf6+ Kg5 42. Rxc6 Rb1 43. Rc5+ Kg6 44. Kf4 Rg1 45. Rc6+ Kh5 46. Bf6 Rg4+ 47. Ke5 Rg2 48. Rc2 Bd1 49. Rd2 Bf3 50. Be7 Kg6 51. Bb4 Rh2 52. Rd6+ Kf7 53. Rf6+ Kg7 54. Bf8+ Kg8 55. Bc5 Rxf2 56. Ra6 Rg2 57. Kf5 Bg4+ 58. Kf6 Kh7 59. Ra7+ Kh6 60. Bf8+ Kh5 61. Rh7# 1-0


[Site "https://www.chess.com"]

[Event "Titled Tuesday Blitz April 26 Late 2022"]
[White "Javakhishvili, Lela"]
[Black "Sadovsky, Artem"]
[WhiteFideId "13601458"]
[BlackFideId "4155840"]
[WhiteElo "2324"]
[BlackElo "2314"]
[Result "1/2-1/2"]
[Round "03"]
[TimeControl "180+1"]
[Date "2022.04.26"]
[WhiteClock "0:00:31"]
[BlackClock "0:00:04"]

1. d4 f5 2. Nc3 Nf6 3. Bg5 d5 4. Bxf6 exf6 5. e3 c6 6. Bd3 Bd6 7. Qf3 g6 8. Nge2 Be6 9. h3 h5 10. g4 fxg4 11. hxg4 Bxg4 12. Qxg4 hxg4 13. Rxh8+ Bf8 14. Bxg6+ Kd7 15. O-O-O Kc7 16. Nf4 Kd6 17. e4 Nd7 18. exd5 cxd5 19. Nfxd5 f5 20. Kb1 Qg5 21. Bf7 Qg7 22. Rdh1 Qxf7 23. R1h7 Qe6 24. Nb5+ Kc6 25. c4 a6 26. Nb4+ Bxb4 27. d5+ Qxd5 28. cxd5+ Kxb5 29. Rxa8 Nf6 30. Rf7 Nxd5 31. Rxf5 Kc6 32. Rxd5 Kxd5 33. Rf8 Bc5 34. Rf5+ Kc6 35. Kc2 Bd6 36. Kd3 g3 37. fxg3 Bxg3 38. Kc4 b5+ 39. Kb3 Bd6 40. Rf6 Kc5 41. Rxd6 Kxd6 42. Kb4 Kc6 43. Ka5 Kb7 44. Kb4 Kb6 45. Kc3 Kc5 46. b4+ Kd5 47. Kd3 Ke5 48. Ke3 Kd5 49. Kd3 Ke5 50. Ke3 Kd5 51. Kd3 1/2-1/2


[Site "https://www.chess.com"]

[Event "Titled Tuesday Blitz April 26 Late 2022"]
[White "Jobava, Baadur"]
[Black "Donchenko, Alexander"]
[WhiteFideId "13601520"]
[BlackFideId "24603295"]
[WhiteElo "2617"]
[BlackElo "2539"]
[Result "1-0"]
[Round "03"]
[TimeControl "180+1"]
[Date "2022.04.26"]
[WhiteClock "0:01:27"]
[BlackClock "0:00:58"]

1. b3 Nf6 2. Bb2 g6 3. c4 Bg7 4. g3 O-O 5. Bg2 c6 6. Nf3 d5 7. O-O Bg4 8. d3 Bxf3 9. Bxf3 Nbd7 10. Bg2 e6 11. Nd2 Qe7 12. Rc1 Rfd8 13. Rc2 Ne8 14. d4 Nd6 15. e3 a5 16. Qe2 a4 17. b4 b5 18. c5 Nf5 19. a3 e5 20. dxe5 Bxe5 21. Bxe5 Nxe5 22. Bh3 Qf6 23. Rd1 Re8 24. Nf1 Nd4 25. Rxd4 Nf3+ 26. Qxf3 Qxf3 27. Bd7 Qf6 28. Rf4 Qa1 29. Bxc6 Qxa3 30. Bxd5 Ra7 31. c6 Qd3 32. Rc5 a3 33. Rd4 Qb1 34. c7 Rc8 35. Ba2 Qxa2 36. Rd8+ Kg7 37. Rxc8 Qe6 38. Rg8+ Kxg8 39. c8=Q+ Qxc8 40. Rxc8+ Kg7 41. Rc1 Ra4 42. Ra1 Kf6 43. Nd2 Ke5 44. Nb1 Rxb4 45. Nxa3 Rb2 46. Rb1 Rxb1+ 47. Nxb1 b4 48. Nd2 1-0


[Site "https://www.chess.com"]

[Event "Titled Tuesday Blitz April 26 Late 2022"]
[White "Kamsky, Gata"]
[Black "Jacobson, Aaron"]
[WhiteFideId "2000024"]
[BlackFideId "2089912"]
[WhiteElo "2645"]
[BlackElo "2265"]
[Result "1/2-1/2"]
[Round "03"]
[TimeControl "180+1"]
[Date "2022.04.26"]
[WhiteClock "0:00:06"]
[BlackClock "0:00:03"]

1. d4 d5 2. Bf4 c5 3. e3 cxd4 4. exd4 Nc6 5. c3 f6 6. Nf3 g5 7. Bg3 Bg7 8. h3 e5 9. dxe5 fxe5 10. Bb5 e4 11. Ne5 Be6 12. Qh5+ Kf8 13. Bxc6 bxc6 14. O-O Bf6 15. Nxc6 Qe8 16. Qxe8+ Kxe8 17. Na3 Ne7 18. Nd4 Bxd4 19. cxd4 Nc6 20. f3 Kd7 21. fxe4 dxe4 22. d5 Bxd5 23. Rad1 Ke6 24. Nb5 Rac8 25. Nc7+ Rxc7 26. Bxc7 Rc8 27. Bg3 Nb4 28. a3 Nd3 29. Rd2 Rb8 30. b4 Rb5 31. Rf8 a5 32. Rd8 axb4 33. axb4 Nxb4 34. Rd6+ Ke7 35. Rh6 Nd3 36. Rxh7+ Kf6 37. Rh6+ Kg7 38. Rd6 Kf7 39. Kh2 Ke7 40. Rh6 Kf7 41. Rc2 e3 42. Re2 Nf4 43. Rxe3 Rb2 44. Bxf4 Rxg2+ 45. Kh1 Rg3+ 46. Kh2 Rg2+ 47. Kh1 Rg3+ 48. Kh2 Rg2+ 1/2-1/2


[Site "https://www.chess.com"]

[Event "Titled Tuesday Blitz April 26 Late 2022"]
[White "Karas, Marek"]
[Black "Chuemsakul, Sarocha"]
[WhiteFideId "14928558"]
[BlackFideId "6203710"]
[WhiteElo "2271"]
[BlackElo "1703"]
[Result "0-1"]
[Round "03"]
[TimeControl "180+1"]
[Date "2022.04.26"]
[WhiteClock "0:00:44"]
[BlackClock "0:00:32"]

1. d4 Nf6 2. c4 g6 3. Nc3 Bg7 4. e4 d6 5. Nf3 O-O 6. Be2 e5 7. Be3 Ng4 8. Bg5 f6 9. Bh4 c6 10. h3 Nh6 11. dxe5 dxe5 12. Qxd8 Rxd8 13. g4 Nf7 14. O-O Be6 15. Rfd1 Nd7 16. Nd2 a5 17. f3 Bf8 18. Bf2 Bc5 19. Na4 Bxf2+ 20. Kxf2 Kf8 21. c5 Ke7 22. Bc4 Ng5 23. Bxe6 Nxe6 24. Rac1 Nf4 25. Nc4 Nxh3+ 26. Ke3 Nf4 27. Nd6 Rab8 28. Rd2 Nxc5 29. Rxc5 Rxd6 30. Rxd6 Kxd6 31. Rxa5 h5 32. gxh5 gxh5 33. Nb6 h4 34. Ra3 h3 35. Rc3 Kc7 36. Nc4 Rg8 37. Rc2 Ng2+ 38. Kd3 h2 39. Rc1 Nf4+ 0-1


[Site "https://www.chess.com"]

[Event "Titled Tuesday Blitz April 26 Late 2022"]
[White "Karttunen, Mika"]
[Black "Shimanov, Aleksandr"]
[WhiteFideId "502081"]
[BlackFideId "4198603"]
[WhiteElo "2343"]
[BlackElo "2636"]
[Result "0-1"]
[Round "03"]
[TimeControl "180+1"]
[Date "2022.04.26"]
[WhiteClock "0:00:13"]
[BlackClock "0:00:50"]

1. d4 Nf6 2. c4 g6 3. Nc3 Bg7 4. e4 O-O 5. Nf3 d6 6. h3 Na6 7. Be2 e5 8. d5 Nc5 9. Nd2 a5 10. b3 Nfd7 11. g4 f5 12. gxf5 gxf5 13. exf5 e4 14. Rg1 Kh8 15. Rxg7 Kxg7 16. Ndxe4 Nxe4 17. Nxe4 Qh4 18. Qd4+ Kg8 19. Bb2 Ne5 20. O-O-O Bxf5 21. Rg1+ Bg6 22. Bg4 Rf4 23. Be6+ Kf8 24. f3 Rxf3 25. Rxg6 hxg6 26. Kb1 Qe1+ 27. Bc1 Rf1 0-1


[Site "https://www.chess.com"]

[Event "Titled Tuesday Blitz April 26 Late 2022"]
[White "Kim, Sergey"]
[Black "Romero Ruscalleda, Josep"]
[WhiteFideId "13700570"]
[BlackFideId "2231859"]
[WhiteElo "2508"]
[BlackElo "2310"]
[Result "0-1"]
[Round "03"]
[TimeControl "180+1"]
[Date "2022.04.26"]
[WhiteClock "0:02:43"]
[BlackClock "0:02:45"]

1. d4 g6 2. c4 Bg7 3. Nc3 d6 4. e4 e5 5. Nge2 Nc6 6. Be3 exd4 7. Nxd4 Nge7 8. Qd2 O-O 9. Nc2 f5 10. Be2 fxe4 11. Nxe4 Nf5 12. Bg5 Qe8 13. O-O-O Qxe4 0-1


[Site "https://www.chess.com"]

[Event "Titled Tuesday Blitz April 26 Late 2022"]
[White "Kosteniuk, Alexandra"]
[Black "Papp, Petra"]
[WhiteFideId "4128125"]
[BlackFideId "739049"]
[WhiteElo "2469"]
[BlackElo "2259"]
[Result "1/2-1/2"]
[Round "03"]
[TimeControl "180+1"]
[Date "2022.04.26"]
[WhiteClock "0:00:24"]
[BlackClock "0:00:05"]

1. e4 c6 2. Nc3 d5 3. Nf3 dxe4 4. Nxe4 Nf6 5. Qe2 Nxe4 6. Qxe4 Qa5 7. b4 Qd5 8. Qxd5 cxd5 9. b5 Bf5 10. c3 e6 11. a4 Nd7 12. Nd4 Bg6 13. d3 Bd6 14. Ba3 Ke7 15. Kd2 Rac8 16. h4 h5 17. Bxd6+ Kxd6 18. Be2 Nc5 19. Ra3 e5 20. Nc2 Ne6 21. g3 f6 22. Rb1 Bf7 23. a5 g5 24. Ra4 Nc5 25. Rab4 b6 26. axb6 axb6 27. f3 Ra8 28. d4 Ne6 29. Ne3 Bg6 30. dxe5+ fxe5 31. Rd1 gxh4 32. Rxh4 Nc7 33. Ke1 Kc5 34. Rd2 Ra1+ 35. Kf2 Rf8 36. f4 d4 37. cxd4+ exd4 38. Nc2 Ra2 39. f5 Rxf5+ 40. Ke1 Re5 41. Nxd4 Rxd2 42. Kxd2 Rd5 43. Ke3 Re5+ 44. Kf2 Nd5 45. Nb3+ Kd6 46. Nd2 Kc5 47. Nf3 Rf5 48. Kg1 Ne3 49. Nd4 Rg5 50. Kf2 Ng4+ 51. Bxg4 Rxg4 52. Ne6+ Kd6 53. Nf4 Rxh4 54. gxh4 Be8 55. Ke3 Bxb5 56. Nxh5 Be8 57. Ng7 Bg6 58. Kf4 b5 59. Kg5 Bh7 60. Nf5+ Bxf5 61. Kxf5 b4 62. Ke4 Ke6 63. Kd4 Kf6 64. Kc4 Kg6 65. Kxb4 Kh5 66. Kc5 Kxh4 1/2-1/2


[Site "https://www.chess.com"]

[Event "Titled Tuesday Blitz April 26 Late 2022"]
[White "Kujawski, Adam"]
[Black "Sliwicka, Alicja"]
[WhiteFideId "1100920"]
[BlackFideId "1150677"]
[WhiteElo "2053"]
[BlackElo "2120"]
[Result "0-1"]
[Round "03"]
[TimeControl "180+1"]
[Date "2022.04.26"]
[WhiteClock "0:00:02"]
[BlackClock "0:00:39"]

1. d4 Nf6 2. Nf3 c5 3. d5 e6 4. Nc3 b5 5. dxe6 fxe6 6. Nxb5 d5 7. e4 a6 8. e5 axb5 9. exf6 gxf6 10. Bxb5+ Bd7 11. Bxd7+ Qxd7 12. O-O Bd6 13. Re1 O-O 14. Bh6 Re8 15. c4 d4 16. Nh4 Nc6 17. Qh5 Qf7 18. Qxf7+ Kxf7 19. Bd2 Ra7 20. f4 Rea8 21. a3 Rb8 22. Rab1 Rab7 23. b4 cxb4 24. axb4 Nxb4 25. Bxb4 Rxb4 26. Rxb4 Rxb4 27. Nf3 Rxc4 28. Rd1 Bxf4 29. g3 Be3+ 30. Kg2 e5 31. g4 e4 32. Nh4 Rc2+ 33. Kh3 d3 34. Nf5 Bf4 35. Ng3 Bxg3 36. Kxg3 Ke6 37. Kf4 Kd5 38. h4 Rf2+ 39. Ke3 Rf3+ 40. Kd2 Kd4 0-1


[Site "https://www.chess.com"]

[Event "Titled Tuesday Blitz April 26 Late 2022"]
[White "Kukula, Pawel"]
[Black "Butti, Enrique"]
[WhiteFideId "1115081"]
[BlackFideId "3700470"]
[WhiteElo "2152"]
[BlackElo "2080"]
[Result "1-0"]
[Round "03"]
[TimeControl "180+1"]
[Date "2022.04.26"]
[WhiteClock "0:01:49"]
[BlackClock "0:01:39"]

1. d4 Nf6 2. Nf3 g6 3. Nc3 Bg7 4. e4 d6 5. h3 O-O 6. Be3 a6 7. Qd2 b5 8. Bd3 Bb7 9. d5 c6 10. dxc6 Nxc6 11. Bh6 Rc8 12. h4 Qa5 13. h5 Nb8 14. Bxg7 Kxg7 15. hxg6 fxg6 16. Ng5 Rxc3 17. bxc3 Bc8 18. e5 dxe5 19. Nxh7 Nxh7 20. Qh6+ 1-0


[Site "https://www.chess.com"]

[Event "Titled Tuesday Blitz April 26 Late 2022"]
[White "Lashkin, Jegor"]
[Black "Bortnyk, Olexandr"]
[WhiteFideId "13907808"]
[BlackFideId "14120828"]
[WhiteElo "2368"]
[BlackElo "2723"]
[Result "1-0"]
[Round "03"]
[TimeControl "180+1"]
[Date "2022.04.26"]
[WhiteClock "0:00:12"]
[BlackClock "0:00:01"]

1. d4 d6 2. Nf3 Nf6 3. c4 g6 4. Nc3 Bf5 5. d5 c5 6. Nh4 Bd7 7. e4 Bg7 8. h3 O-O 9. Nf3 Na6 10. Bd3 Nc7 11. O-O a6 12. a4 b5 13. axb5 axb5 14. Rxa8 Qxa8 15. cxb5 Rb8 16. Bc4 Nxb5 17. e5 Nxc3 18. bxc3 Ba4 19. Qd3 dxe5 20. Nxe5 Rd8 21. d6 Rxd6 22. Bxf7+ Kf8 23. Qc4 Qe4 24. Qxc5 Ne8 25. Bxe8 Bxe8 26. Nf3 Qd5 27. Qe3 Bf6 28. Qh6+ Kg8 29. Re1 Bc6 30. Bg5 Bxc3 31. Rxe7 Qd1+ 32. Kh2 1-0


[Site "https://www.chess.com"]